[ AOE2 MATCH · #493960095 ]
UnrankedPortuguese vs Saracens
[ REPLAY ANALYSIS · EXTRACTED FROM THE RECORDED GAME ]
Feudal
9:42
Castle
13:14
Imperial
28:08
| APM avg | 36.8 |
| APM peak | 73 |
| eAPM avg | 20.3 |
| Villagers / military | 59 / 28 |
Focus
⚔️ 37.1% · 🌾 62.9%
Monk ×17 · Spearman ×10 · Battering Ram ×1
Feudal
9:41
Castle
13:54
Imperial
—
| APM avg | 34.2 |
| APM peak | 77 |
| eAPM avg | 19.5 |
| Villagers / military | 118 / 15 |
Focus
⚔️ 12.6% · 🌾 87.4%
Scout Cavalry ×10 · Monk ×4 · Spearman ×1
Feudal
10:21
Castle
17:22
Imperial
—
| APM avg | 21.1 |
| APM peak | 54 |
| eAPM avg | 14.0 |
| Villagers / military | 64 / 21 |
Focus
⚔️ 23.0% · 🌾 77.0%
Samurai ×16 · Battering Ram ×5
Feudal
11:51
Castle
15:33
Imperial
—
| APM avg | 19.0 |
| APM peak | 52 |
| eAPM avg | 11.7 |
| Villagers / military | 54 / 9 |
Focus
⚔️ 23.9% · 🌾 76.1%
Longbowman ×6 · Battering Ram ×3
Feudal
8:54
Castle
20:54
Imperial
—
| APM avg | 22.2 |
| APM peak | 46 |
| eAPM avg | 13.4 |
| Villagers / military | 80 / 49 |
Focus
⚔️ 23.5% · 🌾 76.5%
Knight ×45 · Battering Ram ×4
Feudal
10:48
Castle
14:44
Imperial
—
| APM avg | 21.1 |
| APM peak | 42 |
| eAPM avg | 14.1 |
| Villagers / military | 103 / 27 |
Focus
⚔️ 11.9% · 🌾 88.1%
Knight ×25 · Scout Cavalry ×2
Feudal
10:33
Castle
14:24
Imperial
—
| APM avg | 31.1 |
| APM peak | 57 |
| eAPM avg | 18.5 |
| Villagers / military | 110 / 11 |
Focus
⚔️ 25.8% · 🌾 74.2%
Mangonel ×4 · Scout Cavalry ×4 · Monk ×3
Feudal
8:35
Castle
19:07
Imperial
—
| APM avg | 45.3 |
| APM peak | 70 |
| eAPM avg | 20.3 |
| Villagers / military | 85 / 10 |
Focus
⚔️ 18.5% · 🌾 81.5%
Knight ×7 · Scout Cavalry ×3
Match map
Initial resources + every placement click. Lines = walls · curves = elevation contours. ◆ gold · ⬟ stone · ● berries · ✦ relic · ◌ wall gap
Your base· ✓ Closed at 13:14 · 0t walls · 2 gate(s)
La Hire's base· ✓ Closed at 13:54 · 0t walls · 2 gate(s)
dong's base· ✓ Closed at 17:22 · 0t walls · 2 gate(s)
LRNI_robotech's base· ✓ Closed at 15:33 · 0t walls · 2 gate(s)
Slayer's base· ✓ Closed at 20:54 · 0t walls · 2 gate(s)
LRNI Michel's base· ✓ Closed at 14:44 · 0t walls · 3 gate(s)
GAX | Gabasco's base· ✓ Closed at 14:24 · 0t walls · 2 gate(s)
LRNI_UzuI's base· ✓ Closed at 19:07 · 0t walls · 2 gate(s)
Smoothed initial terrain · ◌ = detected wall gap · hover for details
Inputs per minute
— LRNI MarinM - - La Hire
Build order — LRNI MarinM
First 150 of 187 actions detected
| 0:01 | Create | Villager (Male) |
| 0:02 | Create | Villager (Male) |
| 0:02 | Create | Villager (Male) |
| 0:03 | Build | House |
| 0:04 | Build | House |
| 0:19 | Create | Villager (Male) |
| 0:20 | Create | Villager (Male) |
| 1:37 | Create | Villager (Male) |
| 1:37 | Create | Villager (Male) |
| 1:44 | Build | Lumber Camp |
| 1:58 | Create | Villager (Male) |
| 2:22 | Create | Villager (Male) |
| 2:22 | Create | Villager (Male) |
| 2:51 | Create | Villager (Male) |
| 2:52 | Create | Villager (Male) |
| 3:12 | Create | Villager (Male) |
| 3:12 | Create | Villager (Male) |
| 3:32 | Create | Villager (Male) |
| 3:32 | Create | Villager (Male) |
| 3:50 | Build | House |
| 3:51 | Build | House |
| 3:59 | Create | Villager (Male) |
| 3:59 | Create | Villager (Male) |
| 4:39 | Build | Mill |
| 4:45 | Create | Villager (Male) |
| 5:14 | Create | Villager (Male) |
| 5:48 | Create | Villager (Male) |
| 5:57 | Create | Villager (Male) |
| 6:28 | Create | Villager (Male) |
| 6:49 | Build | Mining Camp |
| 7:01 | Create | Villager (Male) |
| 7:17 | Build | House |
| 7:31 | Research | Feudal Age |
| 8:34 | Create | Villager (Male) |
| 9:38 | Research | Loom |
| 9:39 | Create | Villager (Male) |
| 9:42 | Age | Feudal Age |
| 9:44 | Build | Market |
| 9:47 | Build | Blacksmith |
| 10:34 | Research | Castle Age |
| 10:34 | Research | Castle Age |
| 10:45 | Research | Double-Bit Axe |
| 10:45 | Research | Double-Bit Axe |
| 10:57 | Build | Barracks |
| 11:38 | Research | Gold Mining |
| 11:52 | Create | Spearman |
| 11:53 | Create | Spearman |
| 12:14 | Create | Villager (Male) |
| 13:14 | Age | Castle Age |
| 13:15 | Build | Monastery |
| 13:18 | Build | Monastery |
| 13:21 | Create | Villager (Male) |
| 13:39 | Build | Farm |
| 13:40 | Create | Villager (Male) |
| 14:01 | Create | Monk |
| 14:07 | Create | Villager (Male) |
| 14:09 | Create | Monk |
| 14:20 | Build | Siege Workshop |
| 14:22 | Create | Villager (Male) |
| 14:26 | Build | House |
| 14:27 | Build | House |
| 14:27 | Build | House |
| 14:47 | Research | Fervor |
| 14:49 | Create | Monk |
| 14:49 | Create | Monk |
| 15:24 | Create | Monk |
| 15:28 | Build | Farm |
| 15:28 | Build | Farm |
| 15:29 | Build | Farm |
| 15:29 | Build | Farm |
| 15:45 | Create | Villager (Male) |
| 15:45 | Create | Villager (Male) |
| 16:09 | Build | Farm |
| 16:12 | Build | Farm |
| 16:12 | Build | Farm |
| 16:12 | Build | Farm |
| 16:12 | Build | Farm |
| 16:28 | Research | Sanctity |
| 16:28 | Research | Sanctity |
| 16:54 | Create | Monk |
| 16:54 | Create | Monk |
| 16:56 | Create | Monk |
| 16:56 | Create | Monk |
| 16:57 | Create | Monk |
| 16:58 | Create | Villager (Male) |
| 17:01 | Build | Farm |
| 17:06 | Create | Spearman |
| 17:25 | Build | Farm |
| 17:26 | Build | Farm |
| 17:26 | Build | Farm |
| 17:26 | Build | Farm |
| 17:27 | Create | Villager (Male) |
| 17:36 | Build | House |
| 17:37 | Build | House |
| 17:56 | Create | Villager (Male) |
| 17:58 | Build | House |
| 18:00 | Build | House |
| 18:20 | Create | Villager (Male) |
| 18:20 | Create | Villager (Male) |
| 18:35 | Create | Villager (Male) |
| 18:35 | Create | Villager (Male) |
| 18:44 | Research | Redemption |
| 19:03 | Create | Battering Ram |
| 19:11 | Create | Villager (Male) |
| 19:11 | Create | Villager (Male) |
| 19:57 | Create | Villager (Male) |
| 20:00 | Build | Farm |
| 20:00 | Build | Farm |
| 20:00 | Build | Farm |
| 20:01 | Build | Farm |
| 20:01 | Build | Farm |
| 20:02 | Create | Villager (Male) |
| 20:46 | Create | Villager (Male) |
| 20:47 | Create | Villager (Male) |
| 20:49 | Build | Farm |
| 20:49 | Build | Farm |
| 20:49 | Build | Farm |
| 20:50 | Build | Farm |
| 20:50 | Build | Farm |
| 20:51 | Create | Villager (Male) |
| 21:38 | Build | Farm |
| 21:38 | Build | Farm |
| 21:38 | Build | Farm |
| 21:38 | Build | Farm |
| 21:39 | Build | Farm |
| 21:39 | Build | Farm |
| 21:59 | Create | Villager (Male) |
| 22:21 | Research | Pikeman (upgrade) |
| 22:21 | Create | Spearman |
| 22:21 | Create | Spearman |
| 22:24 | Create | Villager (Male) |
| 22:24 | Create | Villager (Male) |
| 22:26 | Build | Farm |
| 22:26 | Build | Farm |
| 22:26 | Build | Farm |
| 22:27 | Build | Farm |
| 22:40 | Create | Villager (Male) |
| 23:07 | Create | Villager (Male) |
| 23:48 | Create | Villager (Male) |
| 24:32 | Create | Villager (Male) |
| 24:36 | Build | Farm |
| 24:36 | Build | Farm |
| 24:36 | Build | Farm |
| 24:37 | Build | Farm |
| 24:37 | Build | Farm |
| 24:41 | Build | House |
| 24:42 | Build | House |
| 24:43 | Build | House |
| 24:48 | Create | Villager (Male) |
| 24:58 | Research | Imperial Age |
Build order — La Hire
First 150 of 248 actions detected
| 0:01 | Create | Villager (Male) |
| 0:01 | Create | Villager (Male) |
| 0:02 | Build | House |
| 0:03 | Build | House |
| 0:10 | Create | Villager (Male) |
| 0:10 | Create | Villager (Male) |
| 0:11 | Create | Villager (Male) |
| 1:24 | Create | Villager (Male) |
| 1:57 | Create | Villager (Male) |
| 2:27 | Create | Villager (Male) |
| 2:27 | Create | Villager (Male) |
| 2:34 | Build | House |
| 2:51 | Create | Villager (Male) |
| 2:51 | Create | Villager (Male) |
| 3:04 | Build | Lumber Camp |
| 3:14 | Create | Villager (Male) |
| 3:14 | Create | Villager (Male) |
| 3:34 | Create | Villager (Male) |
| 3:39 | Create | Villager (Male) |
| 4:36 | Create | Villager (Male) |
| 4:36 | Create | Villager (Male) |
| 5:10 | Create | Villager (Male) |
| 5:28 | Create | Villager (Male) |
| 5:35 | Create | Villager (Male) |
| 5:59 | Build | House |
| 6:04 | Build | Mill |
| 6:05 | Create | Villager (Male) |
| 6:19 | Create | Villager (Male) |
| 6:48 | Create | Villager (Male) |
| 7:13 | Research | Feudal Age |
| 7:31 | Build | Mining Camp |
| 8:29 | Create | Villager (Male) |
| 8:31 | Create | Villager (Male) |
| 9:22 | Create | Villager (Male) |
| 9:41 | Age | Feudal Age |
| 9:47 | Build | Blacksmith |
| 9:49 | Build | Market |
| 9:59 | Build | Market |
| 10:04 | Create | Villager (Male) |
| 10:15 | Build | House |
| 10:16 | Build | House |
| 10:25 | Create | Villager (Male) |
| 11:14 | Research | Castle Age |
| 11:14 | Research | Castle Age |
| 11:50 | Research | Double-Bit Axe |
| 12:19 | Research | Horse Collar |
| 12:24 | Build | Farm |
| 12:26 | Build | Farm |
| 12:26 | Build | Farm |
| 12:27 | Build | Farm |
| 12:43 | Create | Villager (Male) |
| 13:27 | Create | Villager (Male) |
| 13:54 | Age | Castle Age |
| 13:59 | Build | Town Center |
| 14:07 | Create | Villager (Male) |
| 14:25 | Create | Villager (Male) |
| 14:39 | Create | Villager (Male) |
| 14:42 | Research | Loom |
| 14:45 | Create | Villager (Male) |
| 15:08 | Build | Monastery |
| 15:09 | Create | Villager (Male) |
| 15:11 | Create | Villager (Male) |
| 15:18 | Research | Bow Saw |
| 15:26 | Create | Villager (Male) |
| 15:27 | Create | Villager (Male) |
| 15:30 | Build | Farm |
| 15:30 | Build | Farm |
| 15:30 | Build | Farm |
| 15:31 | Build | Farm |
| 15:39 | Build | Farm |
| 16:08 | Create | Monk |
| 16:09 | Create | Monk |
| 16:09 | Create | Monk |
| 16:14 | Build | Barracks |
| 16:20 | Create | Villager (Male) |
| 16:21 | Create | Villager (Male) |
| 16:28 | Build | Farm |
| 16:30 | Build | Farm |
| 16:44 | Create | Villager (Male) |
| 16:54 | Create | Villager (Male) |
| 17:03 | Build | Town Center |
| 17:14 | Create | Spearman |
| 17:16 | Create | Monk |
| 17:22 | Build | Farm |
| 17:22 | Build | Farm |
| 17:31 | Create | Villager (Male) |
| 17:39 | Build | House |
| 17:40 | Build | House |
| 17:57 | Create | Villager (Male) |
| 17:57 | Create | Villager (Male) |
| 18:21 | Create | Villager (Male) |
| 18:21 | Create | Villager (Male) |
| 18:31 | Build | Farm |
| 18:32 | Build | Farm |
| 18:32 | Build | Farm |
| 18:32 | Build | Farm |
| 18:33 | Build | Farm |
| 18:59 | Create | Villager (Male) |
| 19:00 | Create | Villager (Male) |
| 19:00 | Create | Villager (Male) |
| 19:05 | Build | Farm |
| 19:09 | Create | Villager (Male) |
| 19:28 | Create | Villager (Male) |
| 19:28 | Create | Villager (Male) |
| 19:57 | Create | Villager (Male) |
| 19:58 | Create | Villager (Male) |
| 19:58 | Create | Villager (Male) |
| 20:05 | Build | Town Center |
| 20:07 | Create | Villager (Male) |
| 20:08 | Create | Villager (Male) |
| 20:16 | Build | House |
| 20:17 | Build | House |
| 20:18 | Build | House |
| 20:18 | Build | House |
| 20:19 | Build | House |
| 20:21 | Create | Villager (Male) |
| 20:22 | Create | Villager (Male) |
| 20:47 | Create | Villager (Male) |
| 20:47 | Create | Villager (Male) |
| 20:48 | Create | Villager (Male) |
| 21:05 | Create | Villager (Male) |
| 21:13 | Create | Villager (Male) |
| 21:16 | Create | Villager (Male) |
| 21:24 | Build | Town Center |
| 21:26 | Create | Villager (Male) |
| 21:45 | Create | Villager (Male) |
| 21:50 | Create | Villager (Male) |
| 21:50 | Create | Villager (Male) |
| 21:51 | Create | Villager (Male) |
| 21:54 | Build | Farm |
| 21:55 | Build | Farm |
| 21:55 | Build | Farm |
| 21:55 | Build | Farm |
| 21:55 | Build | Farm |
| 22:09 | Create | Villager (Male) |
| 22:10 | Create | Villager (Male) |
| 22:10 | Create | Villager (Male) |
| 22:13 | Build | Farm |
| 22:14 | Build | Farm |
| 22:14 | Build | Farm |
| 22:14 | Build | Farm |
| 22:14 | Build | Farm |
| 22:15 | Build | Farm |
| 22:18 | Create | Villager (Male) |
| 22:19 | Create | Villager (Male) |
| 22:25 | Build | Stable |
| 22:27 | Create | Villager (Male) |
| 22:37 | Create | Villager (Male) |
| 22:44 | Build | Farm |
| 22:45 | Build | Farm |
Build order — dong
First 150 of 154 actions detected
| 0:02 | Create | Villager (Male) |
| 0:03 | Build | House |
| 0:04 | Build | House |
| 0:09 | Create | Villager (Male) |
| 0:10 | Create | Villager (Male) |
| 0:13 | Create | Villager (Male) |
| 0:33 | Build | House |
| 1:40 | Create | Villager (Male) |
| 2:08 | Create | Villager (Male) |
| 2:08 | Create | Villager (Male) |
| 2:14 | Build | Mill |
| 2:26 | Create | Villager (Male) |
| 2:56 | Create | Villager (Male) |
| 3:14 | Create | Villager (Male) |
| 3:46 | Create | Villager (Male) |
| 3:54 | Build | Lumber Camp |
| 3:58 | Create | Villager (Male) |
| 3:58 | Create | Villager (Male) |
| 4:30 | Create | Villager (Male) |
| 4:40 | Research | Loom |
| 4:51 | Create | Villager (Male) |
| 5:04 | Create | Villager (Male) |
| 5:10 | Build | House |
| 5:58 | Create | Villager (Male) |
| 6:28 | Create | Villager (Male) |
| 6:47 | Build | Mill |
| 6:54 | Create | Villager (Male) |
| 7:27 | Create | Villager (Male) |
| 8:11 | Research | Feudal Age |
| 9:34 | Build | Lumber Camp |
| 10:03 | Build | Lumber Camp |
| 10:17 | Create | Villager (Male) |
| 10:21 | Age | Feudal Age |
| 10:24 | Research | Horse Collar |
| 10:27 | Research | Double-Bit Axe |
| 10:40 | Create | Villager (Male) |
| 10:51 | Build | Mining Camp |
| 10:55 | Create | Villager (Male) |
| 11:23 | Build | Blacksmith |
| 11:27 | Create | Villager (Male) |
| 11:32 | Build | House |
| 11:40 | Create | Villager (Male) |
| 12:00 | Create | Villager (Male) |
| 12:03 | Build | Farm |
| 12:16 | Build | Market |
| 12:18 | Create | Villager (Male) |
| 12:27 | Build | Farm |
| 12:35 | Create | Villager (Male) |
| 12:39 | Build | Farm |
| 12:40 | Build | Farm |
| 12:41 | Build | Farm |
| 12:43 | Build | Farm |
| 12:56 | Build | Farm |
| 13:10 | Create | Villager (Male) |
| 13:17 | Build | House |
| 13:24 | Create | Villager (Male) |
| 13:44 | Build | Farm |
| 13:47 | Create | Villager (Male) |
| 13:47 | Research | Wheelbarrow |
| 13:49 | Build | Farm |
| 14:17 | Create | Villager (Male) |
| 14:21 | Build | Mining Camp |
| 14:35 | Build | House |
| 14:36 | Build | House |
| 14:41 | Research | Castle Age |
| 14:49 | Build | Farm |
| 14:50 | Build | Farm |
| 15:40 | Research | Stone Mining |
| 15:48 | Research | Gold Mining |
| 17:07 | Research | Fletching |
| 17:19 | Create | Villager (Male) |
| 17:21 | Create | Villager (Male) |
| 17:22 | Age | Castle Age |
| 17:25 | Research | Bow Saw |
| 18:10 | Create | Villager (Male) |
| 18:41 | Build | Castle |
| 18:57 | Create | Villager (Male) |
| 19:08 | Create | Villager (Male) |
| 19:15 | Create | Villager (Male) |
| 19:20 | Build | Siege Workshop |
| 19:28 | Build | Farm |
| 19:30 | Build | Farm |
| 19:51 | Create | Villager (Male) |
| 19:53 | Create | Villager (Male) |
| 20:27 | Build | Mining Camp |
| 20:33 | Create | Battering Ram |
| 20:33 | Create | Battering Ram |
| 20:34 | Create | Samurai |
| 20:39 | Create | Villager (Male) |
| 20:44 | Build | Farm |
| 20:45 | Create | Villager (Male) |
| 20:51 | Research | Scale Mail Armor |
| 21:12 | Create | Samurai |
| 21:27 | Build | Mining Camp |
| 21:37 | Build | Town Center |
| 21:41 | Create | Villager (Male) |
| 22:00 | Create | Battering Ram |
| 22:09 | Research | Town Watch |
| 22:13 | Build | Farm |
| 22:14 | Create | Villager (Male) |
| 22:31 | Create | Battering Ram |
| 22:56 | Create | Samurai |
| 23:00 | Create | Villager (Male) |
| 23:19 | Create | Samurai |
| 23:20 | Create | Villager (Male) |
| 23:24 | Create | Villager (Male) |
| 23:24 | Create | Villager (Male) |
| 23:34 | Create | Samurai |
| 24:01 | Research | Forging |
| 24:20 | Create | Villager (Male) |
| 24:21 | Create | Villager (Male) |
| 24:23 | Build | Farm |
| 24:23 | Build | Farm |
| 24:25 | Create | Villager (Male) |
| 24:32 | Build | Town Center |
| 24:40 | Create | Battering Ram |
| 24:42 | Create | Samurai |
| 24:42 | Create | Samurai |
| 24:49 | Research | Chain Mail Armor |
| 24:50 | Create | Villager (Male) |
| 24:55 | Build | Farm |
| 24:57 | Create | Villager (Male) |
| 25:04 | Create | Villager (Male) |
| 25:05 | Create | Villager (Male) |
| 25:08 | Create | Samurai |
| 25:38 | Build | House |
| 25:40 | Build | House |
| 25:41 | Build | House |
| 25:42 | Build | House |
| 25:44 | Build | House |
| 25:49 | Research | Wheelbarrow |
| 25:54 | Build | Farm |
| 25:57 | Research | Heavy Plow |
| 26:01 | Create | Samurai |
| 26:22 | Create | Villager (Male) |
| 26:22 | Create | Villager (Male) |
| 26:36 | Create | Villager (Male) |
| 26:38 | Create | Villager (Male) |
| 26:38 | Create | Villager (Male) |
| 26:44 | Build | Mining Camp |
| 26:53 | Create | Villager (Male) |
| 27:05 | Build | Lumber Camp |
| 27:19 | Build | Castle |
| 27:29 | Create | Villager (Male) |
| 27:54 | Create | Samurai |
| 27:54 | Create | Samurai |
| 27:54 | Create | Samurai |
| 28:49 | Create | Villager (Male) |
| 28:49 | Create | Villager (Male) |
| 28:50 | Create | Samurai |
Build order — LRNI_robotech
117 actions detected in the replay
| 0:01 | Create | Villager (Male) |
| 0:01 | Create | Villager (Male) |
| 0:01 | Create | Villager (Male) |
| 0:02 | Create | Villager (Male) |
| 0:05 | Build | House |
| 0:06 | Build | House |
| 1:19 | Create | Villager (Male) |
| 1:19 | Create | Villager (Male) |
| 1:51 | Build | Lumber Camp |
| 1:52 | Create | Villager (Male) |
| 1:52 | Create | Villager (Male) |
| 2:09 | Create | Villager (Male) |
| 2:09 | Create | Villager (Male) |
| 3:01 | Create | Villager (Male) |
| 3:01 | Create | Villager (Male) |
| 3:03 | Create | Villager (Male) |
| 3:30 | Build | House |
| 4:06 | Build | House |
| 4:07 | Build | House |
| 4:08 | Create | Villager (Male) |
| 4:08 | Create | Villager (Male) |
| 4:08 | Create | Villager (Male) |
| 4:39 | Create | Villager (Male) |
| 4:40 | Create | Villager (Male) |
| 5:01 | Build | Mill |
| 5:18 | Create | Villager (Male) |
| 5:18 | Create | Villager (Male) |
| 6:15 | Create | Villager (Male) |
| 6:15 | Create | Villager (Male) |
| 6:15 | Create | Villager (Male) |
| 6:23 | Create | Villager (Male) |
| 6:24 | Create | Villager (Male) |
| 6:58 | Create | Villager (Male) |
| 6:58 | Create | Villager (Male) |
| 7:22 | Create | Villager (Male) |
| 8:24 | Build | Farm |
| 8:29 | Build | Farm |
| 8:35 | Build | Mining Camp |
| 8:40 | Build | Farm |
| 8:46 | Build | Farm |
| 9:25 | Build | Mining Camp |
| 9:38 | Research | Feudal Age |
| 11:23 | Create | Villager (Male) |
| 11:47 | Create | Villager (Male) |
| 11:51 | Age | Feudal Age |
| 11:54 | Build | Blacksmith |
| 11:58 | Build | Market |
| 12:53 | Research | Castle Age |
| 13:29 | Research | Loom |
| 13:57 | Research | Double-Bit Axe |
| 14:01 | Research | Gold Mining |
| 14:13 | Research | Horse Collar |
| 14:26 | Build | House |
| 15:33 | Age | Castle Age |
| 15:40 | Build | Castle |
| 15:43 | Build | Palisade Wall |
| 15:44 | Build | Palisade Wall |
| 15:50 | Build | Palisade Wall |
| 15:53 | Build | Palisade Wall |
| 15:57 | Build | Palisade Wall |
| 15:59 | Build | Palisade Wall |
| 16:00 | Build | Palisade Wall |
| 16:02 | Build | Palisade Wall |
| 16:03 | Build | Palisade Wall |
| 16:04 | Build | Palisade Wall |
| 16:09 | Create | Villager (Male) |
| 16:10 | Create | Villager (Male) |
| 16:14 | Build | House |
| 16:16 | Create | Villager (Male) |
| 16:34 | Build | Siege Workshop |
| 16:40 | Create | Villager (Male) |
| 16:40 | Create | Villager (Male) |
| 16:43 | Build | Farm |
| 16:43 | Build | Farm |
| 16:44 | Create | Villager (Male) |
| 16:46 | Build | Farm |
| 16:48 | Research | Bow Saw |
| 17:14 | Build | Mining Camp |
| 17:16 | Create | Villager (Male) |
| 17:18 | Build | Farm |
| 17:23 | Build | House |
| 17:26 | Create | Longbowman |
| 17:26 | Create | Longbowman |
| 17:45 | Build | Farm |
| 17:47 | Research | Fletching |
| 17:51 | Create | Longbowman |
| 17:54 | Build | House |
| 18:15 | Create | Villager (Male) |
| 18:15 | Create | Villager (Male) |
| 18:29 | Create | Villager (Male) |
| 18:30 | Create | Villager (Male) |
| 18:40 | Build | House |
| 18:42 | Create | Villager (Male) |
| 18:43 | Create | Villager (Male) |
| 19:12 | Create | Longbowman |
| 19:12 | Create | Longbowman |
| 19:53 | Create | Battering Ram |
| 19:55 | Create | Villager (Male) |
| 19:59 | Build | Lumber Camp |
| 20:02 | Create | Villager (Male) |
| 20:02 | Create | Villager (Male) |
| 20:10 | Build | House |
| 20:34 | Create | Villager (Male) |
| 20:35 | Create | Villager (Male) |
| 20:39 | Build | House |
| 20:48 | Create | Villager (Male) |
| 20:52 | Build | Town Center |
| 20:58 | Create | Longbowman |
| 21:04 | Create | Villager (Male) |
| 21:05 | Create | Villager (Male) |
| 21:17 | Build | House |
| 21:52 | Create | Battering Ram |
| 21:59 | Create | Villager (Male) |
| 21:59 | Create | Villager (Male) |
| 22:07 | Build | Castle |
| 22:46 | Create | Villager (Male) |
| 23:02 | Create | Battering Ram |
Build order — Slayer
First 150 of 205 actions detected
| 0:01 | Create | Villager (Male) |
| 0:02 | Build | House |
| 0:04 | Build | House |
| 0:13 | Create | Villager (Male) |
| 0:13 | Create | Villager (Male) |
| 0:14 | Create | Villager (Male) |
| 1:28 | Create | Villager (Male) |
| 1:42 | Create | Villager (Male) |
| 2:30 | Create | Villager (Male) |
| 2:31 | Create | Villager (Male) |
| 2:31 | Create | Villager (Male) |
| 2:54 | Create | Villager (Male) |
| 3:21 | Build | Lumber Camp |
| 3:26 | Build | House |
| 3:48 | Create | Villager (Male) |
| 3:49 | Create | Villager (Male) |
| 3:49 | Create | Villager (Male) |
| 3:49 | Create | Villager (Male) |
| 5:17 | Create | Villager (Male) |
| 5:32 | Create | Villager (Male) |
| 5:39 | Build | Mill |
| 6:15 | Create | Villager (Male) |
| 6:16 | Create | Villager (Male) |
| 6:38 | Research | Feudal Age |
| 7:45 | Build | House |
| 7:48 | Build | House |
| 7:49 | Build | House |
| 8:17 | Create | Villager (Male) |
| 8:54 | Age | Feudal Age |
| 9:00 | Build | Town Center |
| 9:05 | Research | Double-Bit Axe |
| 9:24 | Create | Villager (Male) |
| 9:30 | Research | Horse Collar |
| 9:32 | Create | Villager (Male) |
| 9:47 | Build | House |
| 10:05 | Build | House |
| 10:06 | Build | House |
| 10:10 | Create | Villager (Male) |
| 10:26 | Create | Villager (Male) |
| 10:28 | Create | Villager (Male) |
| 10:37 | Build | Farm |
| 10:39 | Build | Farm |
| 10:43 | Build | Farm |
| 10:48 | Build | Farm |
| 10:55 | Create | Villager (Male) |
| 11:17 | Build | House |
| 11:21 | Create | Villager (Male) |
| 11:23 | Create | Villager (Male) |
| 11:26 | Build | Farm |
| 11:34 | Build | Farm |
| 11:39 | Build | Farm |
| 11:43 | Build | Farm |
| 11:44 | Create | Villager (Male) |
| 11:58 | Create | Villager (Male) |
| 12:01 | Build | Farm |
| 12:08 | Create | Villager (Male) |
| 12:21 | Build | Farm |
| 12:24 | Build | Farm |
| 12:25 | Create | Villager (Male) |
| 12:30 | Build | Farm |
| 12:41 | Create | Villager (Male) |
| 12:46 | Create | Villager (Male) |
| 12:56 | Build | Farm |
| 12:59 | Build | Farm |
| 13:01 | Create | Villager (Male) |
| 13:12 | Create | Villager (Male) |
| 13:34 | Create | Villager (Male) |
| 13:34 | Create | Villager (Male) |
| 13:42 | Build | Mill |
| 13:44 | Build | Farm |
| 13:47 | Build | Farm |
| 13:51 | Create | Villager (Male) |
| 13:52 | Create | Villager (Male) |
| 14:05 | Build | Farm |
| 14:09 | Build | Farm |
| 14:13 | Build | Farm |
| 14:17 | Build | Farm |
| 14:23 | Build | Farm |
| 14:25 | Create | Villager (Male) |
| 14:25 | Create | Villager (Male) |
| 14:32 | Build | Farm |
| 14:47 | Create | Villager (Male) |
| 14:47 | Create | Villager (Male) |
| 15:03 | Build | Farm |
| 15:07 | Build | Mill |
| 15:08 | Build | Farm |
| 15:19 | Create | Villager (Male) |
| 15:20 | Create | Villager (Male) |
| 15:30 | Create | Villager (Male) |
| 15:30 | Create | Villager (Male) |
| 15:54 | Create | Villager (Male) |
| 15:54 | Create | Villager (Male) |
| 16:03 | Build | Barracks |
| 16:11 | Build | Blacksmith |
| 16:20 | Create | Villager (Male) |
| 16:20 | Create | Villager (Male) |
| 16:33 | Build | Blacksmith |
| 16:39 | Create | Villager (Male) |
| 16:39 | Create | Villager (Male) |
| 16:57 | Research | Wheelbarrow |
| 17:04 | Build | Stable |
| 17:19 | Build | House |
| 17:29 | Create | Villager (Male) |
| 17:29 | Create | Villager (Male) |
| 17:39 | Build | Stable |
| 17:49 | Build | Stable |
| 17:57 | Build | House |
| 17:59 | Build | House |
| 18:00 | Build | House |
| 18:06 | Research | Castle Age |
| 18:09 | Create | Villager (Male) |
| 18:27 | Build | Mining Camp |
| 18:31 | Research | Bloodlines |
| 18:33 | Research | Scale Barding Armor |
| 18:36 | Create | Villager (Male) |
| 18:39 | Create | Villager (Male) |
| 18:44 | Build | Lumber Camp |
| 18:57 | Create | Villager (Male) |
| 19:10 | Build | Siege Workshop |
| 19:33 | Build | Stable |
| 19:39 | Create | Villager (Male) |
| 19:39 | Create | Villager (Male) |
| 19:42 | Research | Forging |
| 20:11 | Create | Villager (Male) |
| 20:19 | Create | Battering Ram |
| 20:25 | Build | House |
| 20:26 | Build | House |
| 20:53 | Create | Battering Ram |
| 20:54 | Age | Castle Age |
| 20:57 | Create | Knight |
| 20:58 | Create | Knight |
| 20:58 | Create | Knight |
| 20:58 | Create | Knight |
| 21:00 | Research | Chain Barding Armor |
| 21:02 | Create | Villager (Male) |
| 21:04 | Create | Villager (Male) |
| 21:05 | Create | Villager (Male) |
| 21:10 | Build | House |
| 21:13 | Build | House |
| 21:14 | Build | House |
| 21:18 | Build | Monastery |
| 21:25 | Create | Knight ×5 |
| 21:25 | Create | Knight ×5 |
| 21:49 | Create | Battering Ram |
| 21:58 | Create | Villager (Male) |
| 21:58 | Create | Villager (Male) |
| 22:01 | Research | Iron Casting |
| 22:33 | Create | Knight ×3 |
| 22:42 | Create | Battering Ram |
| 22:50 | Build | House |
Build order — LRNI Michel
First 150 of 238 actions detected
| 0:03 | Create | Villager (Male) |
| 0:04 | Create | Villager (Male) |
| 0:04 | Create | Villager (Male) |
| 0:06 | Build | House |
| 0:10 | Build | House |
| 0:17 | Create | Villager (Male) |
| 0:17 | Create | Villager (Male) |
| 1:52 | Build | Lumber Camp |
| 2:10 | Create | Villager (Male) |
| 2:10 | Create | Villager (Male) |
| 2:11 | Create | Villager (Male) |
| 2:11 | Create | Villager (Male) |
| 2:46 | Create | Villager (Male) |
| 2:47 | Create | Villager (Male) |
| 3:14 | Create | Villager (Male) |
| 3:15 | Create | Villager (Male) |
| 3:21 | Create | Villager (Male) |
| 3:21 | Create | Villager (Male) |
| 4:26 | Build | House |
| 4:53 | Create | Villager (Male) |
| 4:53 | Create | Villager (Male) |
| 4:54 | Create | Villager (Male) |
| 4:54 | Create | Villager (Male) |
| 5:02 | Build | Mill |
| 6:00 | Create | Villager (Male) |
| 6:11 | Create | Villager (Male) |
| 6:23 | Build | House |
| 6:33 | Create | Villager (Male) |
| 7:23 | Create | Villager (Male) |
| 7:24 | Create | Villager (Male) |
| 7:56 | Create | Villager (Male) |
| 8:21 | Build | Mining Camp |
| 8:37 | Research | Feudal Age |
| 10:16 | Create | Villager (Male) |
| 10:19 | Create | Villager (Male) |
| 10:48 | Age | Feudal Age |
| 10:53 | Build | Market |
| 11:03 | Build | Blacksmith |
| 12:04 | Research | Castle Age |
| 12:26 | Build | Farm |
| 12:27 | Build | Farm |
| 12:56 | Build | Farm |
| 12:57 | Build | Farm |
| 12:58 | Build | Farm |
| 13:08 | Build | Farm |
| 13:28 | Create | Villager (Male) |
| 13:32 | Build | Farm |
| 13:39 | Build | Farm |
| 13:49 | Create | Villager (Male) |
| 13:59 | Create | Villager (Male) |
| 14:02 | Build | Farm |
| 14:06 | Build | Farm |
| 14:24 | Research | Double-Bit Axe |
| 14:44 | Age | Castle Age |
| 15:23 | Build | Town Center |
| 15:31 | Create | Villager (Male) |
| 15:36 | Build | House |
| 15:37 | Build | House |
| 15:39 | Build | House |
| 16:26 | Build | House |
| 16:27 | Build | House |
| 16:46 | Create | Villager (Male) |
| 16:56 | Create | Villager (Male) |
| 16:57 | Create | Villager (Male) |
| 16:58 | Create | Villager (Male) |
| 17:03 | Research | Gold Mining |
| 17:08 | Build | House |
| 17:10 | Build | House |
| 17:29 | Create | Villager (Male) |
| 17:54 | Build | Farm |
| 17:54 | Build | Farm |
| 17:58 | Create | Villager (Male) |
| 18:06 | Create | Villager (Male) |
| 18:12 | Research | Scale Barding Armor |
| 18:22 | Create | Villager (Male) |
| 18:29 | Build | Farm |
| 18:29 | Build | Farm |
| 19:17 | Create | Villager (Male) |
| 19:18 | Create | Villager (Male) |
| 19:18 | Create | Villager (Male) |
| 19:23 | Create | Villager (Male) |
| 19:23 | Create | Villager (Male) |
| 19:31 | Build | Town Center |
| 19:55 | Create | Villager (Male) |
| 19:57 | Create | Villager (Male) |
| 20:17 | Build | Barracks |
| 20:20 | Create | Villager (Male) |
| 20:22 | Create | Villager (Male) |
| 20:22 | Create | Villager (Male) |
| 20:35 | Build | Farm |
| 20:53 | Create | Villager (Male) |
| 20:55 | Create | Villager (Male) |
| 20:57 | Create | Villager (Male) |
| 20:59 | Create | Villager (Male) |
| 21:03 | Build | Farm |
| 21:03 | Build | Farm |
| 21:04 | Build | Farm |
| 21:25 | Create | Villager (Male) |
| 21:41 | Build | Stable |
| 21:46 | Create | Villager (Male) |
| 21:50 | Create | Villager (Male) |
| 21:57 | Create | Villager (Male) |
| 22:02 | Build | Farm |
| 22:03 | Build | Farm |
| 22:03 | Build | Farm |
| 22:04 | Build | Farm |
| 22:04 | Build | Farm |
| 22:04 | Build | Farm |
| 22:05 | Build | Farm |
| 22:05 | Build | Farm |
| 22:05 | Build | Farm |
| 22:14 | Create | Villager (Male) |
| 22:28 | Build | Farm |
| 22:29 | Build | Farm |
| 22:29 | Build | Farm |
| 22:29 | Build | Farm |
| 22:41 | Create | Scout Cavalry |
| 22:43 | Create | Scout Cavalry |
| 22:52 | Create | Villager (Male) |
| 22:54 | Create | Villager (Male) |
| 23:00 | Build | Farm |
| 23:00 | Build | Farm |
| 23:01 | Build | Farm |
| 23:01 | Build | Farm |
| 23:01 | Build | Farm |
| 23:06 | Create | Villager (Male) |
| 23:07 | Create | Villager (Male) |
| 23:08 | Create | Villager (Male) |
| 23:29 | Create | Villager (Male) |
| 23:29 | Create | Villager (Male) |
| 23:30 | Create | Villager (Male) |
| 23:39 | Create | Villager (Male) |
| 23:52 | Create | Villager (Male) |
| 23:59 | Create | Villager (Male) |
| 23:59 | Create | Villager (Male) |
| 24:11 | Build | Farm |
| 24:11 | Build | Farm |
| 24:11 | Build | Farm |
| 24:12 | Build | Farm |
| 24:12 | Build | Farm |
| 24:12 | Build | Farm |
| 24:13 | Build | Farm |
| 24:13 | Build | Farm |
| 24:13 | Build | Farm |
| 24:14 | Build | Farm |
| 24:16 | Create | Villager (Male) |
| 24:17 | Create | Villager (Male) |
| 24:19 | Create | Villager (Male) |
| 24:19 | Create | Villager (Male) |
| 24:25 | Create | Villager (Male) |
Build order — GAX | Gabasco
First 150 of 251 actions detected
| 0:01 | Create | Villager (Male) |
| 0:01 | Create | Villager (Male) |
| 0:02 | Build | House |
| 0:03 | Build | House |
| 0:08 | Create | Villager (Male) |
| 0:08 | Create | Villager (Male) |
| 0:08 | Create | Villager (Male) |
| 1:26 | Create | Villager (Male) |
| 1:26 | Create | Villager (Male) |
| 2:01 | Create | Villager (Male) |
| 2:01 | Create | Villager (Male) |
| 2:09 | Build | Lumber Camp |
| 2:11 | Create | Villager (Male) |
| 2:11 | Create | Villager (Male) |
| 2:49 | Create | Villager (Male) |
| 2:49 | Create | Villager (Male) |
| 3:05 | Create | Villager (Male) |
| 3:06 | Create | Villager (Male) |
| 3:30 | Create | Villager (Male) |
| 3:34 | Build | House |
| 3:39 | Create | Villager (Male) |
| 3:39 | Create | Villager (Male) |
| 3:57 | Build | House |
| 4:17 | Create | Villager (Male) |
| 4:17 | Create | Villager (Male) |
| 4:18 | Create | Villager (Male) |
| 5:07 | Create | Villager (Male) |
| 5:07 | Create | Villager (Male) |
| 5:08 | Build | Mill |
| 5:42 | Create | Villager (Male) |
| 5:42 | Create | Villager (Male) |
| 6:12 | Create | Villager (Male) |
| 6:12 | Create | Villager (Male) |
| 6:13 | Create | Villager (Male) |
| 6:43 | Create | Villager (Male) |
| 7:10 | Build | House |
| 7:26 | Create | Villager (Male) |
| 7:42 | Build | Mining Camp |
| 7:47 | Build | Mining Camp |
| 8:15 | Create | Villager (Male) |
| 8:23 | Build | Mining Camp |
| 8:33 | Create | Villager (Male) |
| 9:15 | Research | Feudal Age |
| 9:15 | Research | Feudal Age |
| 9:50 | Build | Farm |
| 9:54 | Build | Farm |
| 10:11 | Create | Villager (Male) |
| 10:11 | Create | Villager (Male) |
| 10:23 | Build | Farm |
| 10:33 | Age | Feudal Age |
| 10:40 | Build | Market |
| 11:12 | Create | Villager (Male) |
| 11:18 | Build | Blacksmith |
| 11:24 | Build | Blacksmith |
| 11:33 | Create | Villager (Male) |
| 12:00 | Build | Farm |
| 12:04 | Build | Farm |
| 12:07 | Create | Villager (Male) |
| 12:17 | Build | Farm |
| 12:39 | Build | House |
| 12:49 | Research | Castle Age |
| 12:49 | Research | Castle Age |
| 12:49 | Research | Castle Age |
| 13:21 | Build | Farm |
| 13:25 | Research | Double-Bit Axe |
| 13:25 | Research | Double-Bit Axe |
| 13:29 | Research | Horse Collar |
| 13:30 | Research | Horse Collar |
| 13:40 | Build | Farm |
| 13:47 | Research | Loom |
| 14:15 | Create | Villager (Male) |
| 14:24 | Age | Castle Age |
| 14:30 | Build | Town Center |
| 14:33 | Create | Villager (Male) |
| 14:47 | Research | Heavy Plow |
| 14:47 | Research | Heavy Plow |
| 15:12 | Research | Bow Saw |
| 15:12 | Research | Bow Saw |
| 15:13 | Research | Bow Saw |
| 15:33 | Build | Monastery |
| 15:37 | Create | Villager (Male) |
| 15:42 | Create | Villager (Male) |
| 15:55 | Build | House |
| 15:57 | Build | House |
| 16:08 | Build | Farm |
| 16:10 | Create | Villager (Male) |
| 16:14 | Build | Farm |
| 16:19 | Create | Villager (Male) |
| 16:19 | Create | Villager (Male) |
| 16:25 | Create | Villager (Male) |
| 16:28 | Create | Monk |
| 16:38 | Create | Villager (Male) |
| 16:45 | Build | Farm |
| 16:53 | Create | Villager (Male) |
| 16:59 | Build | Farm |
| 16:59 | Build | Farm |
| 17:01 | Create | Villager (Male) |
| 17:06 | Build | House |
| 17:06 | Build | House |
| 17:11 | Research | Gold Mining |
| 17:11 | Research | Gold Mining |
| 17:15 | Create | Villager (Male) |
| 17:17 | Build | Farm |
| 17:31 | Create | Villager (Male) |
| 17:38 | Create | Monk |
| 17:38 | Create | Monk |
| 17:45 | Create | Villager (Male) |
| 17:45 | Create | Villager (Male) |
| 17:46 | Create | Villager (Male) |
| 17:55 | Build | Town Center |
| 18:00 | Create | Villager (Male) |
| 18:01 | Create | Villager (Male) |
| 18:01 | Create | Villager (Male) |
| 18:10 | Build | House |
| 18:11 | Build | House |
| 18:13 | Create | Villager (Male) |
| 18:14 | Create | Villager (Male) |
| 18:14 | Create | Villager (Male) |
| 18:14 | Create | Villager (Male) |
| 18:43 | Create | Villager (Male) |
| 18:43 | Create | Villager (Male) |
| 18:44 | Create | Villager (Male) |
| 18:50 | Build | Farm |
| 18:50 | Build | Farm |
| 18:51 | Build | Farm |
| 18:51 | Build | Farm |
| 18:51 | Build | Farm |
| 18:51 | Build | Farm |
| 19:05 | Build | Farm |
| 19:10 | Build | House |
| 19:11 | Build | House |
| 19:13 | Create | Villager (Male) |
| 19:16 | Build | Farm |
| 19:16 | Build | Farm |
| 19:17 | Build | Farm |
| 19:17 | Build | Farm |
| 19:17 | Build | Farm |
| 19:19 | Create | Villager (Male) |
| 19:19 | Create | Villager (Male) |
| 19:41 | Create | Villager (Male) |
| 19:47 | Create | Villager (Male) |
| 19:48 | Create | Villager (Male) |
| 19:48 | Create | Villager (Male) |
| 19:51 | Build | Farm |
| 19:59 | Create | Villager (Male) |
| 20:00 | Create | Villager (Male) |
| 20:18 | Create | Villager (Male) |
| 20:21 | Build | Town Center |
| 20:22 | Create | Villager (Male) |
| 20:23 | Create | Villager (Male) |
Build order — LRNI_UzuI
First 150 of 190 actions detected
| 0:02 | Build | House |
| 0:03 | Build | House |
| 0:04 | Create | Villager (Male) ×4 |
| 1:34 | Create | Villager (Male) |
| 1:35 | Create | Villager (Male) |
| 1:47 | Build | Lumber Camp |
| 2:02 | Create | Villager (Male) |
| 2:02 | Create | Villager (Male) |
| 2:23 | Create | Villager (Male) |
| 2:43 | Create | Villager (Male) |
| 3:06 | Create | Villager (Male) |
| 3:34 | Create | Villager (Male) |
| 3:40 | Build | House |
| 4:07 | Create | Villager (Male) |
| 4:19 | Build | Mill |
| 4:24 | Create | Villager (Male) |
| 4:50 | Create | Villager (Male) |
| 5:08 | Create | Villager (Male) |
| 5:45 | Research | Loom |
| 6:25 | Research | Feudal Age |
| 6:25 | Research | Feudal Age |
| 7:08 | Build | Barracks |
| 7:29 | Build | House |
| 8:07 | Create | Villager (Male) |
| 8:35 | Age | Feudal Age |
| 8:36 | Build | Stable |
| 8:40 | Research | Double-Bit Axe |
| 9:00 | Create | Villager (Male) |
| 9:24 | Research | Horse Collar |
| 9:25 | Create | Villager (Male) |
| 9:34 | Create | Scout Cavalry |
| 9:35 | Create | Scout Cavalry |
| 9:52 | Create | Scout Cavalry |
| 9:59 | Build | House |
| 10:00 | Build | House |
| 10:04 | Create | Villager (Male) |
| 10:28 | Build | Farm |
| 10:28 | Build | Farm |
| 10:29 | Build | Farm |
| 10:31 | Create | Villager (Male) |
| 10:58 | Create | Villager (Male) |
| 10:58 | Create | Villager (Male) |
| 11:02 | Build | Farm |
| 11:13 | Create | Villager (Male) |
| 11:32 | Build | Farm |
| 11:41 | Create | Villager (Male) |
| 11:53 | Create | Villager (Male) |
| 11:57 | Build | House |
| 11:58 | Build | House |
| 12:03 | Build | Market |
| 12:34 | Create | Villager (Male) |
| 12:47 | Build | Mining Camp |
| 12:50 | Build | Farm |
| 12:52 | Build | Farm |
| 12:54 | Create | Villager (Male) |
| 13:23 | Create | Villager (Male) |
| 13:45 | Create | Villager (Male) |
| 14:00 | Create | Villager (Male) |
| 14:03 | Build | Farm |
| 14:05 | Build | Farm |
| 14:07 | Research | Wheelbarrow |
| 14:14 | Build | House |
| 14:15 | Build | House |
| 14:50 | Build | Farm |
| 15:05 | Build | Blacksmith |
| 15:31 | Build | Farm |
| 15:56 | Create | Villager (Male) |
| 15:59 | Build | House |
| 16:27 | Research | Castle Age |
| 16:27 | Research | Castle Age |
| 16:32 | Build | House |
| 18:50 | Create | Villager (Male) |
| 19:07 | Age | Castle Age |
| 19:08 | Create | Knight |
| 19:09 | Create | Knight |
| 19:10 | Build | Town Center |
| 19:12 | Build | Town Center |
| 19:14 | Research | Bow Saw |
| 19:16 | Research | Heavy Plow |
| 19:24 | Create | Villager (Male) |
| 20:04 | Create | Villager (Male) |
| 20:09 | Create | Villager (Male) |
| 20:17 | Build | Town Center |
| 20:28 | Create | Knight |
| 20:31 | Research | Forging |
| 20:33 | Build | Farm |
| 20:33 | Build | Farm |
| 20:34 | Build | Farm |
| 20:36 | Create | Villager (Male) |
| 20:37 | Create | Villager (Male) |
| 20:49 | Research | Scale Barding Armor |
| 20:53 | Create | Villager (Male) |
| 20:56 | Build | Farm |
| 20:57 | Build | Farm |
| 21:09 | Create | Villager (Male) |
| 21:09 | Create | Villager (Male) |
| 21:09 | Create | Villager (Male) |
| 21:13 | Build | Farm |
| 21:13 | Build | Farm |
| 21:13 | Build | Farm |
| 21:13 | Build | Farm |
| 21:14 | Build | Farm |
| 21:14 | Build | Farm |
| 21:21 | Create | Villager (Male) |
| 21:34 | Build | Farm |
| 21:38 | Create | Villager (Male) |
| 21:38 | Create | Villager (Male) |
| 21:40 | Create | Villager (Male) |
| 21:40 | Create | Villager (Male) |
| 21:40 | Create | Villager (Male) |
| 21:47 | Build | Farm |
| 21:47 | Build | Farm |
| 21:47 | Build | Farm |
| 22:02 | Create | Villager (Male) |
| 22:02 | Create | Villager (Male) |
| 22:15 | Create | Villager (Male) |
| 22:15 | Create | Villager (Male) |
| 22:16 | Create | Villager (Male) |
| 22:19 | Build | Farm |
| 22:20 | Build | Farm |
| 22:22 | Build | Farm |
| 22:25 | Create | Villager (Male) |
| 22:29 | Create | Villager (Male) |
| 22:29 | Create | Villager (Male) |
| 22:33 | Build | Farm |
| 22:34 | Build | Farm |
| 22:47 | Create | Villager (Male) |
| 23:10 | Create | Villager (Male) |
| 23:10 | Create | Villager (Male) |
| 23:10 | Create | Villager (Male) |
| 23:12 | Create | Villager (Male) |
| 23:39 | Create | Villager (Male) |
| 23:40 | Create | Villager (Male) |
| 23:44 | Build | Farm |
| 23:45 | Build | Farm |
| 23:58 | Create | Villager (Male) |
| 23:58 | Create | Villager (Male) |
| 24:00 | Build | Farm |
| 24:00 | Create | Villager (Male) |
| 24:04 | Build | Farm |
| 24:04 | Build | Farm |
| 24:05 | Build | Farm |
| 24:07 | Build | Mill |
| 24:08 | Build | Farm |
| 24:12 | Create | Knight |
| 24:13 | Create | Knight |
| 24:20 | Build | Farm |
| 24:24 | Research | Gold Mining |
| 24:37 | Create | Villager (Male) |
| 24:42 | Create | Villager (Male) |
Match timeline
| 7:08 | LRNI_UzuI · first_building Barracks |
| 8:35 | LRNI_UzuI · age_up feudal |
| 8:36 | LRNI_UzuI · first_building Stable |
| 8:54 | Slayer · age_up feudal |
| 9:41 | La Hire · age_up feudal |
| 9:42 | LRNI MarinM · age_up feudal |
| 10:21 | dong · age_up feudal |
| 10:32 | LRNI MarinM · first_market_sell 100 stone |
| 10:33 | GAX | Gabasco · age_up feudal |
| 10:33 | LRNI MarinM · first_market_buy 100 food |
| 10:48 | LRNI Michel · age_up feudal |
| 10:57 | LRNI MarinM · first_building Barracks |
| 11:01 | La Hire · first_market_buy 100 food |
| 11:04 | La Hire · first_market_sell 100 wood |
| 11:49 | LRNI Michel · first_market_sell 100 wood |
| 11:51 | LRNI_robotech · age_up feudal |
| 11:53 | LRNI Michel · first_market_buy 100 food |
| 12:27 | GAX | Gabasco · first_market_sell 100 stone |
| 12:28 | GAX | Gabasco · first_market_buy 100 food |
| 13:14 | LRNI MarinM · age_up castle |
| 13:15 | LRNI MarinM · first_building Monastery |
| 13:54 | La Hire · age_up castle |
| 14:20 | LRNI MarinM · first_building Siege Workshop |
| 14:24 | GAX | Gabasco · age_up castle |
| 14:44 | LRNI Michel · age_up castle |
| 15:08 | La Hire · first_building Monastery |
| 15:33 | LRNI_robotech · age_up castle |
| 15:33 | GAX | Gabasco · first_building Monastery |
| 15:40 | LRNI_robotech · first_building Castle |
| 15:43 | LRNI_robotech · wall_segment Palisade Wall x1 |
| 15:44 | LRNI_robotech · wall_segment Palisade Wall x1 |
| 15:50 | LRNI_robotech · wall_segment Palisade Wall x1 |
| 15:53 | LRNI_robotech · wall_segment Palisade Wall x1 |
| 15:57 | LRNI_robotech · wall_segment Palisade Wall x1 |
| 15:59 | LRNI_robotech · wall_segment Palisade Wall x1 |
| 16:00 | LRNI_robotech · wall_segment Palisade Wall x1 |
| 16:02 | LRNI_robotech · wall_segment Palisade Wall x1 |
| 16:03 | Slayer · first_building Barracks |
| 16:03 | LRNI_robotech · wall_segment Palisade Wall x1 |
| 16:04 | LRNI_robotech · wall_segment Palisade Wall x1 |
| 16:14 | La Hire · first_building Barracks |
| 16:20 | LRNI_UzuI · first_market_buy 100 food |
| 16:22 | LRNI_UzuI · first_market_sell 100 wood |
| 16:34 | LRNI_robotech · first_building Siege Workshop |
| 17:04 | Slayer · first_building Stable |
| 17:22 | dong · age_up castle |
| 18:08 | dong · first_market_buy 100 stone |
| 18:41 | dong · first_building Castle |
| 19:07 | LRNI_UzuI · age_up castle |
| 19:10 | Slayer · first_building Siege Workshop |
| 19:20 | dong · first_building Siege Workshop |
| 20:17 | LRNI Michel · first_building Barracks |
| 20:47 | GAX | Gabasco · first_building Siege Workshop |
| 20:54 | Slayer · age_up castle |
| 20:55 | GAX | Gabasco · wall_segment Stone Wall x13 |
| 21:09 | GAX | Gabasco · first_building Barracks |
| 21:18 | Slayer · first_building Monastery |
| 21:41 | LRNI Michel · first_building Stable |
| 22:10 | GAX | Gabasco · wall_segment Stone Wall x4 |
| 22:25 | La Hire · first_building Stable |
| 22:36 | GAX | Gabasco · first_building Stable |
| 22:43 | GAX | Gabasco · wall_segment Stone Wall x1 |
| 22:47 | GAX | Gabasco · wall_segment Stone Wall x4 |
| 23:28 | LRNI_robotech · resign |
| 24:04 | GAX | Gabasco · first_building Castle |
| 26:27 | La Hire · first_building Castle |
| 27:10 | GAX | Gabasco · wall_segment Stone Wall x1 |
| 28:08 | LRNI MarinM · age_up imperial |
| 28:10 | GAX | Gabasco · wall_segment Stone Wall x1 |
[ AI ANALYSIS · 1 CREDIT ]
What really happened in this match?
Wolo.gg analyzes every decision: build order, eco, micro, common mistakes by bracket. Personalized analysis on WhatsApp or Discord in 30 seconds.
Civ guide
Portuguese
Perfil
LRNI MarinM